SL
ST. LOUIS COEUR @ FT. WORTH CATTLEMEN
05/07/2041
 
TOP OF THE 1ST
St. Louis Coeur batting - Pitching for Ft. Worth Cattlemen : LHP Gustavo Tobías
Pitching: LHP Gustavo Tobías
Batting: RHB Nobuhisa Murakami 0-0: Ground out 5-3 (Groundball, 56, EV 91.9 MPH)
Batting: RHB Jaime Soto 0-0: Ball
1-0: Fly out, F9 (Flyball, 9S, EV 73.1 MPH)
Batting: LHB Qing-nian Zexian 0-0: Ball
1-0: Called Strike
1-1: Foul Ball, location: 2F
1-2: Ground out 6-3 (Groundball, 6M, EV 85.6 MPH)
Top of the 1st over - 0 runs, 0 hits, 0 errors, 0 left on base; St. Louis 0 - Ft. Worth 0
BOTTOM OF THE 1ST
Ft. Worth Cattlemen batting - Pitching for St. Louis Coeur : RHP David Moore
Pitching: RHP David Moore
Batting: RHB Dennis Wacher 0-0: Called Strike
0-1: Foul Ball, location: 2F
0-2: Foul Ball, location: 2F
0-2: Ball
1-2: Ball
2-2: Foul Ball, location: 2F
2-2: Ground out 5-3 (Groundball, 56S, EV 73.8 MPH)
Batting: LHB Semo Hoaloha 0-0: Called Strike
0-1: Ball
1-1: Fly out, F1 (Popup, 15, EV 75.6 MPH)
Batting: LHB Craig Woods 0-0: Ball
1-0: Ball
2-0: Called Strike
2-1: Ball
3-1: Swinging Strike
3-2: Base on Balls
Batting: SHB Kolby Hay 0-0: DOUBLE (Line Drive, 7LM, EV 100.6 MPH)
Craig Woods to third
Runner from 3rd tries for Home, SAFE, throw by LF to trailing runner, SAFE at third!
Batting: RHB Derek Bangert 0-0: Swinging Strike
0-1: SINGLE (Groundball, 5D, EV 96.9 MPH)
Kolby Hay scores
Batting: LHB Count Dante 0-0: Ball
1-0: Ball
2-0: Ball
3-0: Called Strike
3-1: Base on Balls
Derek Bangert to second
Batting: RHB Tsuneari Hirano 0-0: Ball
1-0: Fly out, F8 (Flyball, 89M, EV 77.5 MPH)
Bottom of the 1st over - 2 runs, 2 hits, 0 errors, 2 left on base; St. Louis 0 - Ft. Worth 2
TOP OF THE 2ND
St. Louis Coeur batting - Pitching for Ft. Worth Cattlemen : LHP Gustavo Tobías
Batting: RHB Joel Iyiegbuniwe 0-0: Called Strike
0-1: Fly out, F8 (Flyball, 8LXD, EV 80.0 MPH)
Batting: LHB Harry Cornelis 0-0: Ball
1-0: Foul Ball, location: 2F
1-1: Ball
2-1: Called Strike
2-2: Strikes out swinging
Batting: RHB Guillermo Coss 0-0: Single, Error in OF, E9, batter to second base (Groundball, 34D, EV 103.1 MPH)
Batting: RHB Ik-jun Cho 0-0: Called Strike
0-1: Fly out, F1 (Line Drive, P, EV 68.1 MPH)
Top of the 2nd over - 0 runs, 1 hit, 1 error, 1 left on base; St. Louis 0 - Ft. Worth 2
BOTTOM OF THE 2ND
Ft. Worth Cattlemen batting - Pitching for St. Louis Coeur : RHP David Moore
Batting: RHB Min-gook Ch'oe 0-0: Called Strike
0-1: DOUBLE (Line Drive, 89M, EV 94.4 MPH)
Batting: RHB Lonnie Doble 0-0: Called Strike
0-1: Swinging Strike
0-2: Strikes out swinging
Batting: RHB Dennis Wacher 0-0: Ground out 5-3 (Groundball, 5, EV 84.4 MPH)
Batting: LHB Semo Hoaloha 0-0: Foul Ball, location: 2F
0-1: Reached on error, E3 (Groundball, 34, EV 88.8 MPH)
Min-gook Ch'oe to third
Batting: LHB Craig Woods 0-0: Ball
1-0: Called Strike
1-1: Ball
2-1: SINGLE (Groundball, 56D, EV 107.5 MPH)
Min-gook Ch'oe scores
Semo Hoaloha to second
Batting: SHB Kolby Hay 0-0: Ball
1-0: Called Strike
1-1: Foul Ball, location: 2F
1-2: Foul Ball, location: 2F
1-2: Ball
2-2: Foul Ball, location: 2F
2-2: Fly out, F9 (Line Drive, 9D, EV 94.4 MPH)
Bottom of the 2nd over - 1 run, 2 hits, 1 error, 2 left on base; St. Louis 0 - Ft. Worth 3
TOP OF THE 3RD
St. Louis Coeur batting - Pitching for Ft. Worth Cattlemen : LHP Gustavo Tobías
Batting: LHB Tillmam Cru 0-0: Ball
1-0: Called Strike
1-1: Foul Ball, location: 2F
1-2: Strikes out looking
Batting: RHB Tabor de Maria 0-0: Swinging Strike
0-1: SINGLE (Groundball, 56D, EV 110.0 MPH)
Batting: RHB Nobuhisa Murakami 0-0: Ball
1-0: Foul Ball, location: 2F
1-1: SINGLE (Groundball, 4MD, EV 106.2 MPH)
Tabor de Maria to second
Batting: RHB Jaime Soto 0-0: Ball
1-0: Swinging Strike
1-1: Foul Ball, location: 2F
1-2: Fly out, F7 (Flyball, 7, EV 89.4 MPH)
Batting: LHB Qing-nian Zexian 0-0: Hit by Pitch
Tabor de Maria to third
Nobuhisa Murakami to second
Batting: RHB Joel Iyiegbuniwe 0-0: Ball
1-0: Foul Ball, location: 2F
1-1: Called Strike
1-2: Strikes out swinging
Top of the 3rd over - 0 runs, 2 hits, 0 errors, 3 left on base; St. Louis 0 - Ft. Worth 3
BOTTOM OF THE 3RD
Ft. Worth Cattlemen batting - Pitching for St. Louis Coeur : RHP David Moore
Batting: RHB Derek Bangert 0-0: Ball
1-0: SOLO HOME RUN (Flyball, 89XD, EV 100.6 MPH), Distance : 422 ft
Batting: LHB Count Dante 0-0: Called Strike
0-1: Swinging Strike
0-2: Foul Ball, location: 2F
0-2: Ball
1-2: SINGLE (Flyball, 7S, EV 91.9 MPH)
Batting: RHB Tsuneari Hirano 0-0: Ball
1-0: Grounds into double play, 4-6-3 (Groundball, 34, EV 105.6 MPH)
Batting: RHB Min-gook Ch'oe 0-0: Ball
1-0: Ball
2-0: Foul Ball, location: 2F
2-1: Foul Ball, location: 2F
2-2: Strikes out swinging, 2-3 out at first.
Bottom of the 3rd over - 1 run, 2 hits, 0 errors, 0 left on base; St. Louis 0 - Ft. Worth 4
TOP OF THE 4TH
St. Louis Coeur batting - Pitching for Ft. Worth Cattlemen : LHP Gustavo Tobías
Batting: LHB Harry Cornelis 0-0: Swinging Strike
0-1: Called Strike
0-2: Ball
1-2: Ball
2-2: Fly out, F7 (Flyball, 7LS, EV 76.2 MPH)
Batting: RHB Guillermo Coss 0-0: Foul Ball, location: 2F
0-1: Called Strike
0-2: Foul Ball, location: 2F
0-2: Fly out, F7 (Flyball, 7S, EV 78.8 MPH)
Batting: RHB Ik-jun Cho 0-0: Called Strike
0-1: DOUBLE (Line Drive, 78M, EV 107.5 MPH)
Batting: LHB Tillmam Cru 0-0: Ball
1-0: Foul Ball, location: 2F
1-1: Called Strike
1-2: Ball
2-2: Foul Ball, location: 2F
2-2: Foul Ball, location: 2F
2-2: Foul Ball, location: 2F
2-2: Foul Ball, location: 2F
2-2: Ball
3-2: Ground out 4-3 (Groundball, 4, EV 81.2 MPH)
Top of the 4th over - 0 runs, 1 hit, 0 errors, 1 left on base; St. Louis 0 - Ft. Worth 4
BOTTOM OF THE 4TH
Ft. Worth Cattlemen batting - Pitching for St. Louis Coeur : RHP David Moore
Batting: RHB Lonnie Doble 0-0: Ball
1-0: Ball
2-0: Called Strike
2-1: Ball
3-1: Ground out 6-3 (Groundball, 6, EV 86.9 MPH)
Batting: RHB Dennis Wacher 0-0: Ground out 6-3 (Groundball, 6, EV 101.9 MPH)
Batting: LHB Semo Hoaloha 0-0: Foul Ball, location: 2F
0-1: Swinging Strike
0-2: Hit by Pitch
Batting: LHB Craig Woods 0-0: Ball
1-0: Ball
2-0: Called Strike
2-1: Ball
3-1: Foul Ball, location: 2F
3-2: Foul Ball, location: 2F
3-2: Foul Ball, location: 2F
3-2: Fly out, F8 (Line Drive, 8LM, EV 96.2 MPH)
Bottom of the 4th over - 0 runs, 0 hits, 0 errors, 1 left on base; St. Louis 0 - Ft. Worth 4
TOP OF THE 5TH
St. Louis Coeur batting - Pitching for Ft. Worth Cattlemen : LHP Gustavo Tobías
Batting: RHB Tabor de Maria 0-0: Ground out 5-3 (Groundball, 56, EV 83.8 MPH)
Batting: RHB Nobuhisa Murakami 0-0: Ball
1-0: SINGLE (Flyball, 7S, EV 93.8 MPH)
Batting: RHB Jaime Soto 0-0: Called Strike
0-1: Ball
1-1: Swinging Strike
1-2: SINGLE (Groundball, 56D, EV 109.4 MPH)
Nobuhisa Murakami to second
Batting: LHB Qing-nian Zexian 0-0: Swinging Strike
0-1: Ball
1-1: SINGLE (Flyball, 4D, EV 93.1 MPH)
Nobuhisa Murakami to third
Jaime Soto to second
Batting: RHB Joel Iyiegbuniwe 0-0: Swinging Strike
0-1: Ball
1-1: Ball
2-1: Foul Ball, location: 2F
2-2: Strikes out looking
Batting: LHB Harry Cornelis 0-0: Ball
1-0: Foul Ball, location: 2F
1-1: Foul Ball, location: 2F
1-2: Foul Ball, location: 2F
1-2: Strikes out swinging
Top of the 5th over - 0 runs, 3 hits, 0 errors, 3 left on base; St. Louis 0 - Ft. Worth 4
BOTTOM OF THE 5TH
Ft. Worth Cattlemen batting - Pitching for St. Louis Coeur : RHP David Moore
Batting: SHB Kolby Hay 0-0: Ball
1-0: Ball
2-0: Ground out U3 (Groundball, 3, EV 95.6 MPH)
Batting: RHB Derek Bangert 0-0: Ball
1-0: Called Strike
1-1: Foul Ball, location: 2F
1-2: Ball
2-2: Foul Ball, location: 2F
2-2: Fly out, F9 (Flyball, 9, EV 88.8 MPH)
Batting: LHB Count Dante 0-0: Called Strike
0-1: Ball
1-1: Called Strike
1-2: Strikes out swinging
Bottom of the 5th over - 0 runs, 0 hits, 0 errors, 0 left on base; St. Louis 0 - Ft. Worth 4
TOP OF THE 6TH
St. Louis Coeur batting - Pitching for Ft. Worth Cattlemen : LHP Gustavo Tobías
Batting: RHB Guillermo Coss 0-0: Ball
1-0: Foul Ball, location: 2F
1-1: Fly out, F9 (Flyball, 89S, EV 70.6 MPH)
Batting: RHB Ik-jun Cho 0-0: Swinging Strike
0-1: Ball
1-1: Ball
2-1: Fly out, F6 (Flyball, 56D, EV 80.0 MPH)
Batting: LHB Tillmam Cru 0-0: Called Strike
0-1: Ground out 4-3 (Groundball, 4, EV 78.1 MPH)
Top of the 6th over - 0 runs, 0 hits, 0 errors, 0 left on base; St. Louis 0 - Ft. Worth 4
BOTTOM OF THE 6TH
Ft. Worth Cattlemen batting - Pitching for St. Louis Coeur : RHP David Moore
Batting: RHB Tsuneari Hirano 0-0: Foul Ball, location: 2F
0-1: Ball
1-1: Ball
2-1: Ball
3-1: Base on Balls
Pitching: RHP Marcel Bloemheuvel
Batting: RHB Min-gook Ch'oe 0-0: Called Strike
0-1: Ball
1-1: Called Strike
1-2: Foul Ball, location: 2F
1-2: Fly out, F8 (Flyball, 8RXD, EV 98.8 MPH)
Batting: RHB Lonnie Doble 0-0: Ball
1-0: Ball
2-0: Foul Ball, location: 2F
2-1: SINGLE (Groundball, 6D, EV 105.0 MPH)
Tsuneari Hirano to second
Batting: RHB Dennis Wacher 0-0: Ball
1-0: Grounds into double play, 6-4-3 (Groundball, 6M, EV 103.8 MPH)
Bottom of the 6th over - 0 runs, 1 hit, 0 errors, 1 left on base; St. Louis 0 - Ft. Worth 4
TOP OF THE 7TH
St. Louis Coeur batting - Pitching for Ft. Worth Cattlemen : LHP Gustavo Tobías
Batting: RHB Tabor de Maria 0-0: Ground out 4-3 (Groundball, 4D, EV 88.1 MPH)
Batting: RHB Nobuhisa Murakami 0-0: Foul Ball, location: 2F
0-1: Foul Ball, location: 2F
0-2: Ball
1-2: Ground out 5-3 (Groundball, 56, EV 87.5 MPH)
Batting: RHB Jaime Soto 0-0: Swinging Strike
0-1: Ball
1-1: Called Strike
1-2: Hit by Pitch
Batting: LHB Qing-nian Zexian 0-0: Ball
1-0: Foul Ball, location: 2F
1-1: Fly out, F7 (Line Drive, 7D, EV 91.9 MPH)
Top of the 7th over - 0 runs, 0 hits, 0 errors, 1 left on base; St. Louis 0 - Ft. Worth 4
BOTTOM OF THE 7TH
Ft. Worth Cattlemen batting - Pitching for St. Louis Coeur : RHP Marcel Bloemheuvel
Batting: LHB Semo Hoaloha 0-0: Called Strike
0-1: Fly out, F9 (Flyball, 89D, EV 102.5 MPH)
Batting: LHB Craig Woods 0-0: Ball
1-0: Swinging Strike
1-1: Ball
2-1: Foul Ball, location: 2F
2-2: Ball
3-2: SINGLE (Groundball, 4D, EV 95.6 MPH)
Batting: SHB Kolby Hay 0-0: Foul Ball, location: 2F
0-1: Foul Ball, location: 2F
0-2: Fly out, F8 (Line Drive, 8LM, EV 93.1 MPH)
Batting: RHB Derek Bangert 0-0: Ball
1-0: Ball
2-0: Swinging Strike
2-1: Fielders Choice at 2nd, 5-4 (Groundball, 5L, EV 98.8 MPH)
Bottom of the 7th over - 0 runs, 1 hit, 0 errors, 1 left on base; St. Louis 0 - Ft. Worth 4
TOP OF THE 8TH
St. Louis Coeur batting - Pitching for Ft. Worth Cattlemen : LHP Gustavo Tobías
Pitching: RHP Ignacio Uribe
Batting: RHB Joel Iyiegbuniwe 0-0: Called Strike
0-1: Ball
1-1: Ground out 5-3 (Groundball, 5, EV 83.8 MPH)
Batting: LHB Harry Cornelis 0-0: Ball
1-0: Foul Ball, location: 2F
1-1: Ball
2-1: SINGLE (Flyball, 78S, EV 90.6 MPH)
Batting: RHB Guillermo Coss 0-0: Ball
1-0: Called Strike
1-1: SINGLE (Line Drive, 78S, EV 96.2 MPH)
Harry Cornelis to second
Batting: RHB Ik-jun Cho 0-0: Ground out U3 (Groundball, 34S, EV 70.6 MPH)
Harry Cornelis to third
Guillermo Coss to second
Batting: LHB Tillmam Cru 0-0: Foul Ball, location: 2F
0-1: Ball
1-1: Ball
2-1: Fly out, F9 (Flyball, 89D, EV 91.9 MPH)
Top of the 8th over - 0 runs, 2 hits, 0 errors, 2 left on base; St. Louis 0 - Ft. Worth 4
BOTTOM OF THE 8TH
Ft. Worth Cattlemen batting - Pitching for St. Louis Coeur : RHP Marcel Bloemheuvel
Batting: LHB Count Dante 0-0: Swinging Strike
0-1: Foul Ball, location: 2F
0-2: Foul Ball, location: 2F
0-2: Ball
1-2: Ball
2-2: Strikes out swinging
Batting: RHB Tsuneari Hirano 0-0: Ball
1-0: Swinging Strike
1-1: Foul Ball, location: 2F
1-2: Strikes out looking
Batting: RHB Min-gook Ch'oe 0-0: Swinging Strike
0-1: Ball
1-1: Foul Ball, location: 2F
1-2: Strikes out looking
Bottom of the 8th over - 0 runs, 0 hits, 0 errors, 0 left on base; St. Louis 0 - Ft. Worth 4
TOP OF THE 9TH
St. Louis Coeur batting - Pitching for Ft. Worth Cattlemen : RHP Ignacio Uribe
Batting: RHB Tabor de Maria 0-0: Foul Ball, location: 2F
0-1: Ball
1-1: Called Strike
1-2: Foul Ball, location: 2F
1-2: Strikes out swinging
Batting: RHB Nobuhisa Murakami 0-0: Ground out 5-3 (Groundball, 5L, EV 90.6 MPH)
Batting: RHB Jaime Soto 0-0: SINGLE (Groundball, P, EV 71.2 MPH) (infield hit)
Batting: LHB Qing-nian Zexian 0-0: Ball
1-0: Ball
2-0: Called Strike
2-1: Swinging Strike
2-2: Ball
3-2: Strikes out looking
Top of the 9th over - 0 runs, 1 hit, 0 errors, 1 left on base; St. Louis 0 - Ft. Worth 4
Tuesday, January 5th, 2021 - OOTP Baseball 20.8 Build 74